 Dungeon Crawl Stone Soup version 0.27.1-2-g3b301248ec (webtiles) character file.

Game seed: 7529484037558741617

340 Metae the Skirmisher (level 6, -1/56 HPs)
             Began as a Hill Orc Fighter on Sept 24, 2021.
             Slain by an orc warrior (8 damage)
             ... on level 4 of the Dungeon.
             The game lasted 00:07:57 (3783 turns).

Metae the Skirmisher (Hill Orc Fighter)             Turns: 3783, Time: 00:07:58

Health: -1/56      AC: 10    Str: 21    XL:     6   Next: 56%
Magic:  6/6        EV:  5    Int:  8    God:
Gold:   137        SH:  9    Dex: 10    Spells: 5/5 levels left

rFire    . . .     SeeInvis .   a - +0 war axe
rCold    . . .     Faith    .   c - +0 kite shield
rNeg     . . .     Spirit   .   l - +0 chain mail
rPois    .         Reflect  .   f - +0 helmet
rElec    .         Harm     .   (no cloak)
rCorr    .         Rampage  .   (no gloves)
Will     .....                  (no boots)
Stlth    ..........             (no amulet)
HPRegen  0.18/turn              (no ring)
MPRegen  0.10/turn              (no ring)

@: no status effects
A: no striking features
a: no special abilities


You were on level 4 of the Dungeon.
You visited 1 branch of the dungeon, and saw 4 of its levels.

You collected 137 gold pieces.

Inventory:

Hand Weapons
 a - a +0 war axe (weapon)
Armour
 b - a +0 scale mail
 c - a +0 kite shield (worn)
 f - a +0 helmet (worn)
 l - a +0 chain mail (worn)
 m - a +0 plate armour
Jewellery
 p - a ring of magical power
Wands
 r - a wand of iceblast (11)
Scrolls
 e - 4 scrolls of teleportation {unknown}
 g - a scroll of enchant weapon {unknown}
 h - 2 scrolls of noise {unknown}
 j - a scroll of summoning {unknown}
 n - a scroll of amnesia {unknown}
 t - a scroll of immolation {unknown}
 v - a scroll of torment {unknown}
Potions
 d - a potion of might
 i - a potion of magic {unknown}
 k - 4 potions of attraction {unknown}
 o - a potion of resistance {unknown}
 q - a potion of berserk rage {unknown}
 s - a potion of mutation {unknown}
 u - a potion of degeneration {unknown}


   Skills:
 + Level 5.2 Fighting
 + Level 4.8 Axes
 + Level 4.8 Armour
 + Level 4.7 Shields
 + Level 0.9 Evocations


You had 5 spell levels left.
You didn't know any spells.
Your spell library contained the following spells:

 Spells                   Type           Power      Damage    Failure   Level
 Sandblast                Erth           0%         2d4       100%        1
 Passwall                 Tmut/Erth      0%         N/A       100%        2
 Tukima's Dance           Hex            0%         N/A       100%        3
 Passage of Golubria      Tloc           N/A        N/A       100%        4
 Lee's Rapid Deconstruct  Erth           0%         3d5*      100%        5
 Yara's Violent Unravell  Hex/Tmut       0%         3d3       100%        5


Dungeon Overview and Level Annotations

Branches:
Dungeon (4/15)
 Temple: D:4-7

Altars:
Ru


Message History

You kill the kobold!
You slash the orc warrior!
The orc warrior is moderately wounded.
You closely miss the orc. You closely miss the orc warrior.
The orc hits you but does no damage. You block the orc warrior's attack.
You closely miss the orc. You closely miss the orc warrior.
The orc hits you with a +0 mace.
The orc warrior hits you with a +0 battleaxe!
The orc barely misses you.
The orc warrior hits you with a +0 battleaxe.
You slash the orc!
You kill the orc!
You hit the orc warrior.
The orc warrior hits you with a +0 battleaxe!
The orc barely misses you.
Your shield and chain mail prevent you from hitting the orc.
You barely miss the orc warrior. You block the orc warrior's attack.
The orc hits you with a +0 whip. The orc warrior completely misses you.
You barely miss the orc. You closely miss the orc warrior.
The orc hits you with a +0 whip. You block the orc warrior's attack.
The orc closely misses you.
You barely miss the orc. You closely miss the orc warrior.
You block the orc warrior's attack. The orc hits you with a +0 whip.
The orc warrior hits you but does no damage.
You slash the orc warrior!
The orc warrior is heavily wounded.
You hit the orc but do no damage. The orc hits you but does no damage.
The orc warrior barely misses you. You block the orc's attack.
You hit the orc warrior.
The orc warrior is severely wounded.
You hit the orc.
The orc warrior hits you with a +0 battleaxe!
* * * LOW HITPOINT WARNING * * *
The orc hits you but does no damage. The orc warrior barely misses you.
You hit the orc warrior.
The orc warrior is almost dead.
You hit the orc.
You kill the orc!
The orc warrior hits you with a +0 battleaxe!
You die...

....... ..... .......
..... §§≈≈§≈≈ .......
..... ##≈≈§§§≈≈≈ .......
#..# ##§§≈§§§≈§§
.......#..####≈§≈≈≈≈≈≈≈§
...........##§≈≈§≈§≈≈≈≈§
#....o.##.#≈≈≈§§≈§§≈≈≈≈
#....#o#..#≈≈≈§§§≈§≈§≈§
#.o###@o..#≈≈≈§§§§§.§§≈
#. #.....'........##§§
#.....#...'......§§##§.
.$..(.#..##§§§≈§≈§§..§§
.......#..>#≈§§§≈≈§≈≈≈§§
..........##≈≈§§§§§≈≈≈≈≈
#...##.#..###≈§§≈≈§≈§≈≈≈
$#.# ##.... ##≈≈≈§§§≈§≈§
#..<. ##≈≈§≈§≈≈≈≈


You could see an orc warrior and 2 orcs.

Vanquished Creatures
  A scorpion (D:4)
  An orc priest (D:3)
  A hound zombie (D:3)
  2 hound skeletons (D:3)
  7 gnolls
  4 adders
  An adder skeleton (D:3)
  4 worms
  5 dart slugs
  9 orcs
  4 bats
  5 endoplasms
  2 giant cockroaches
  12 hobgoblins
  4 jackals
  4 quokkas
  5 ball pythons
  3 frilled lizards
  2 goblins
  5 kobolds
  A quokka skeleton (D:3)
  2 rats
84 creatures vanquished.

Notes
Turn   | Place    | Note
-------+----------+-------------------------------------------
     0 | D:1      | Metae the Hill Orc Fighter began the quest for the Orb.
     0 | D:1      | Reached XP level 1. HP: 19/19 MP: 1/1
    46 | D:1      | Reached XP level 2. HP: 16/27 MP: 2/2
   229 | D:1      | Found a faded altar of an unknown god.
   947 | D:2      | Reached skill level 4 in Fighting
   947 | D:2      | Reached XP level 3. HP: 28/33 MP: 3/3
   980 | D:2      | You fall into a shaft and drop 1 floor!
  1353 | D:2      | Reached XP level 4. HP: 41/41 MP: 4/4
  2152 | D:2      | Reached XP level 5. HP: 19/47 MP: 5/5
  3089 | D:3      | Reached skill level 5 in Fighting
  3089 | D:3      | Reached XP level 6. HP: 17/56 MP: 6/6
  3368 | D:3      | Found a sacrificial altar of Ru.
  3766 | D:4      | Noticed an orc warrior
  3783 | D:4      | Slain by an orc warrior

Illustrated notes

Levels and vault maps discovered:
D:1:      lightli_arrival_statue_moat, layout_loops_ring,
          chequers_ecumenical_altar_simple, st_stairs_9
D:2:      layout_basic
D:3:      layout_basic, mainiacjoe_overflow_cross_hatched, serial_undead,
          serial_undead_a, serial_undead_e, serial_undead_d, serial_undead_a
D:4:      kennysheep_big_flooded_room, layout_cave_pools,
          mainiacjoe_overflow_concentric_impassable, minmay_rat_hole

Skill      XL: |  1  2  3  4  5 |
---------------+----------------+-----
Axes           | 3 4 |  4.8
Fighting       | 4 5 |  5.2
Armour         | 4 |  4.8
Shields        | 4 |  4.7
Evocations     | |  0.9

Action                   |  1- 3 |  4- 6 || total
-------------------------+-------+-------++-------
Melee: War axe           |    97 |   188 ||   285
Armor: Scale mail        |    62 |       ||    62
       Chain mail        |     8 |   125 ||   133
Dodge: Dodged            |    43 |    52 ||    95
Block: Kite shield       |    56 |   123 ||   179
